 Dungeon Crawl Stone Soup version 0.28-a0-1143-gcf6077d4cc (webtiles) character file.

Game seed: 17519759453645257229

11 spaghetti the Sneak (level 2, -5/25 HPs)
             Began as a Djinni Delver on Dec 14, 2021.
             Was an Initiate of Makhleb.
             Slain by an orc warrior (15 damage)
             ... on level 5 of the Dungeon.
             The game lasted 00:01:44 (891 turns).

spaghetti the Sneak (Djinni Delver)                  Turns: 891, Time: 00:01:45

Health: -5/25      AC:  3    Str: 11    XL:     2   Next: 40%
Gold:   10         EV: 12    Int: 11    God:    Makhleb [......] SH:  0 Dex: 14

rFire   + + .      SeeInvis .     - Unarmed
rCold   x . .      Faith    .   (no shield)
rNeg    . . .      Spirit   .   a - +0 leather armour
rPois   ∞          Reflect  .   (no helmet)
rElec   .          Harm     .   (no cloak)
rCorr   .          Rampage  .   (no gloves)
Will    .....                   (boots unavailable)
Stlth   ++........              (no amulet)
HPRegen 0.08/turn               (no ring)
MPRegen 0.00/turn               (no ring)

@: flying
A: sickness immunity, fire resistance 2, cold vulnerability 1, float, innate
caster, hp casting, extra vitality 1
a: Renounce Religion


You were on level 5 of the Dungeon.
You worshipped Makhleb.
Makhleb was noncommittal.
You visited 2 branches of the dungeon, and saw 3 of its levels.

You collected 10 gold pieces.


Innate Abilities, Weirdness & Mutations

You are immune to sickness and miasma.
You are immune to poison.
Your flesh is very heat resistant. (rF++)
You are vulnerable to cold. (rC-)
You float through the air rather than walking.
You learn spells naturally, not from books.
Your magical power is your life essence.
You have superior vitality. (+4 HP)


   Skills:
 + Level 3.1 Fighting
 + Level 2.5 Dodging
 + Level 4.2 Stealth
 + Level 2.2 Unarmed Combat


You had one spell level left.
You didn't know any spells.
Your spell library was empty.

Inventory:

Hand Weapons
 g - a +0 short sword {short}
   (You took it off an orc on level 5 of the Dungeon)
Missiles
 d - 24 sling bullets
 h - 10 stones (quivered) {throwing}
Armour
 a - a +0 leather armour (worn)
Wands
 f - a wand of digging (3)
Scrolls
 b - a scroll of fog
 c - a scroll of magic mapping {!r}
Potions
 e - a potion of haste {@q3}

Dungeon Overview and Level Annotations

Branches:
Dungeon (5/15)             Temple (1/1) D:5

Altars:
Ashenzari
Dithmenos
Elyvilon
Fedhas
Gozag
Hepliaklqana
Kikubaaqudgha
Makhleb
Nemelex Xobeh
Qazlal
Ru
Sif Muna
Trog
Wu Jian
Xom
The Shining One

Annotations:
D:5 exclusions: phantom and 1 more exclusion

..# ####.### ####.#
#......# # #....#
#.##.#.# #. #.##.#
#.#....# #.##.##.#
#.......
#.......######.#....#
#.ooo....o.......#.#
#.#o##.######......#
# #@##.# ####.###
#.#.##.# ##'##
#.#.##<# ##...##
#......# ##.....#
#.#.##.## ##.......
#.......####........
###........'........
###...####........
##..# ##.......


You could see an orc warrior and 3 orcs.


Message History

* * * LOW HITPOINT WARNING * * *
The orc hits you with a +0 whip.
* * * LOW HITPOINT WARNING * * *
😨 HP[-6]
You take 6 damage, and now have 8/25 hp.
MASSIVE DAMAGE!! (PAUSE) Unknown command.
The orc closely misses you. x2
Things that are here:
a +0 short sword {short}; a +0 robe; an orc corpse 😨 HP[+1]
Okay, then. 😨 HP[+1]
Okay, then. 2 orcs come into view.
An orc comes into view. It is wielding a +0 hand axe.
Found 10 stones.
Found a stone staircase leading up.
There is a stone staircase leading up here.
The orc closely misses you.
You fly upwards.
The hobgoblin shouts!
There is a stone staircase leading down here.
Unknown command.
Unknown command.
Unknown command.
Found 10 gold pieces.
Found a stone staircase leading up. 😨 HP[+1]
The orc cheers repeatedly.
You see here 10 gold pieces.
You now have 10 gold pieces.
The orc barely misses you.
You hit the orc but do no damage. Your punch misses the orc.
The orc hits you with a +0 short sword.
* * * LOW HITPOINT WARNING * * *
😨 HP[-2]
You take 2 damage, and now have 9/25 hp.
Unknown command.
Unknown command.
Okay, then.
Okay, then. 😨 HP[+1]
The orc hits you with a +0 short sword.
* * * LOW HITPOINT WARNING * * *
😨 HP[-3]
You take 3 damage, and now have 7/25 hp.
Okay, then.
Okay, then.
Okay, then. 😨 HP[+1]
An endoplasm comes into view.
The endoplasm quivers.
Found a stone staircase leading down. 😨 HP[+1]
There is a stone staircase leading down here.
You fly downwards.
Level annotation: 1 exclusion
There is a stone staircase leading up here.
Unknown command.
Unknown command.
Unknown command.
You start resting. 😎 HP[+16]
Your hp is fully restored (25).
d - 24 sling bullets
There is an open door here.
A phantom comes into view.
Okay, then.
Press: ? - help, v - describe, . - travel
Here: a phantom (dormant)
The floor.
Placed new exclusion.
You reach down and open the door.
There is an open door here.
There is an open door here.
g - a +0 short sword {short}
Things that are here:
a +0 robe; an orc skeleton
There is an open door here.
The book of Changes burns to shimmering ash in your grasp.
There is an open door here.
h - 10 stones {throwing} The orc shouts!
You hear a shout!
There are monsters nearby!
The orc throws a boomerang.
The boomerang barely misses you.
The orc throws a boomerang.
The boomerang hits you.
An orc warrior comes into view. It is wielding a +0 halberd.
The orc barely misses you.
The orc shouts!
You hit the orc. The orc hits you but does no damage.
The orc warrior hits you from afar with a +0 halberd!
* * * LOW HITPOINT WARNING * * *
You are too injured to fight recklessly! 😨 HP[-15]
You take 15 damage, and now have 10/25 hp.
MASSIVE DAMAGE!! (PAUSE) Unknown command.
Okay, then.
You closely miss the orc.
The orc warrior hits you from afar with a +0 halberd!
Ouch! That really hurt!
You die...

Action                   || total
-------------------------++-------
Melee: Unarmed           ||    24
       Punch             ||     1
  Use: Scroll            ||     1
Armor: Leather armour    ||     3
Dodge: Dodged            ||    33

Levels and vault maps discovered:
D:4:      layout_loops_ring, chequers_temple_overflow_statue_of_worship,
          nicolae_shop_clearance
D:5:      layout_loops_corners, minmay_temple_entry_trees
Temple:   lightli_temple_of_artemis

Notes
Turn   | Place    | Note
-------+----------+-------------------------------------------
     0 | D:5      | spaghetti the Djinni Delver began the quest for the Orb.
     0 | D:5      | Reached XP level 1. HP: 20/20 MP: 0/0
     0 | D:5      | magus.rc [v1.9.6]
    64 | D:5      | Found a staircase to the Ecumenical Temple.
    74 | Temple   | Entered the Ecumenical Temple
   179 | Temple   | Became a worshipper of Makhleb the Destroyer
   204 | D:5      | Noticed an orc wizard
   234 | D:5      | Reached XP level 2. HP: 17/25 MP: 0/0
   783 | D:5      | Noticed a phantom
   889 | D:5      | Noticed an orc warrior
   891 | D:5      | Slain by an orc warrior

Vanquished Creatures
  An adder (D:5)
  An orc (D:5)
2 creatures vanquished.

Table legend:
 A = Non-vault XP
 B = Vault XP
 C = Vault XP percentage of total XP
 D = Non-vault monster count
 E = Vault monster count
 F = Vault count percentage of total count
                 A         B        C        D         E       F
            +---------+---------+-------+---------+---------+-------
      Total |      17 |       0 |   0.0 |       2 |       0 |   0.0
            +---------+---------+-------+---------+---------+-------
        D:5 |      17 |       0 |   0.0 |       2 |       0 |   0.0
            +---------+---------+-------+---------+---------+-------

Illustrated notes

Table legend:
 A = Kills in this place as a percentage of kills in entire the game.
 B = Kills by you in this place as a percentage of kills by you in the entire game.
 C = Kills by friends in this place as a percentage of kills by friends in the entire game.
 D = Other kills in this place as a percentage of other kills in the entire game.
 E = Experience gained in this place as a percentage of experience gained in the entire game.
 F = Experience gained in this place divided by the number of levels of this place that you have seen.
                   A       B       C       D       E      F
               +-------+-------+-------+-------+-------+----------------------
         Total | 100.0 | 100.0 |   N/A |   N/A | 100.0 |   5.7
       Dungeon | 100.0 | 100.0 |   N/A |   N/A | 100.0 |   8.5
               +-------+-------+-------+-------+-------+----------------------

Table legend: (Time is in decaauts)
 A = Elapsed time spent in this place.
 B = Non-inter-level travel time spent in this place.
 C = Inter-level travel time spent in this place.
 D = Time resting spent in this place.
 E = Time spent auto-exploring this place.
 F = Levels seen in this place.
 G = Mean time per level.
                   A        B        C        D        E       F      G
               +--------+--------+--------+--------+--------+-----+--------+
         Total |    891 |    871 |     20 |    385 |    315 |   3 |  297.0 |
       Dungeon |    577 |    576 |      1 |    193 |    241 |   2 |  288.5 |
        Temple |    314 |    295 |     19 |    192 |     74 |   1 |  314.0 |
               +--------+--------+--------+--------+--------+-----+--------+

Top non-repeatable levels by time:
     D:5: 531 daAuts
  Temple: 314 daAuts
     D:4: 45 daAuts
